 Dungeon Crawl Stone Soup version 0.29.0-11-gd7f09526c8 (webtiles) character file.

Game seed: 17396856002794269954

230 mdonais the Firebug (level 6, -2/42 HPs)
             Began as an Octopode Cinder Acolyte on Sept 6, 2022.
             Was a High Priest of Ignis.
             Slain by an orc priest
             ... wielding a +0 club
              (7 damage)
             ... on level 3 of the Dungeon.
             The game lasted 00:12:52 (2852 turns).

mdonais the Firebug (Octopode Cinder Acolyte)       Turns: 2852, Time: 00:12:52

Health: -2/42      AC:  1    Str: 14    XL:     6   Next: 3%
Magic:  2/10       EV: 12    Int: 24    God:    Ignis [*****.]
Gold:   101        SH:  0    Dex:  7    Spells: 5/10 levels left

rFire   + . .      SeeInvis .   g - +3 quarterstaff (chaos)
rCold   . . .      Faith    .   (shield currently unavailable)
rNeg    . . .      Spirit   .   (helmet restricted)
rPois   .          Reflect  .   (no amulet)
rElec   .          Harm     .   d - +6 ring of intelligence
rCorr   .          Rampage  .   (no ring)
Will    .....                   (no ring)
Stlth   +++.......              (no ring)
HPRegen 0.14/turn               (no ring)
MPRegen 0.12/turn               (no ring)
                                (no ring)
                                (no ring)

@: no status effects
A: almost no armour, amphibious, 8 rings, camouflage 1, gelatinous body 1,
(nimble swimmer 1), tentacles
a: Renounce Religion, Fiery Armour, Foxfire Swarm, Rising Flame


You were on level 3 of the Dungeon.
You worshipped Ignis.
Ignis was extremely pleased with you.
You visited 1 branch of the dungeon, and saw 3 of its levels.

You collected 101 gold pieces.

Inventory:

Hand Weapons
 a - a -1 falchion of flaming
 e - a +1 dagger of venom
   (You found it on level 2 of the Dungeon)
 g - a +3 quarterstaff of chaos (weapon)
   (You took it off Crazy Yiuf on level 2 of the Dungeon)
 i - a +0 rapier
   (You found it on level 2 of the Dungeon)
Jewellery
 d - a +6 ring of intelligence (left tentacle)
   (You found it on level 1 of the Dungeon)
Wands
 b - a wand of polymorph (9)
   (You took it off Crazy Yiuf on level 2 of the Dungeon)
Scrolls
 h - a scroll of poison
 k - a scroll of immolation
 m - a scroll of torment {unknown}
 T - a scroll of teleportation
Potions
 c - a potion of magic
 f - a potion of brilliance {unknown}
 j - a potion of lignification {unknown}
 l - a potion of curing {unknown}
 n - a potion of attraction {unknown}


   Skills:
 - Level 3.0 Fighting
 - Level 3.0 Long Blades
 - Level 3.3 Stealth
 + Level 2.8 Spellcasting
 - Level 5.0 Fire Magic
 - Level 0.3 Air Magic
 - Level 0.5 Poison Magic


You had 5 spell levels left.
You knew the following spells:

 Your Spells              Type           Power      Damage    Failure   Level
a - Scorch                Fire           54%        2d8       2%          2
b - Mephitic Cloud        Conj/Pois/Air  4%         N/A       28%         3

Your spell library contained the following spells:

 Spells                   Type           Power      Damage    Failure   Level
 Sting                    Tmut/Pois      16%        1d3       10%         1
 Ignite Poison            Fire/Tmut/Pois 12%        N/A       16%         3
 Eringya's Noxious Bog    Tmut/Pois      2%         N/A       100%        6


Dungeon Overview and Level Annotations

Branches:
Dungeon (3/15) Zot: 15138

Altars:
Fedhas
Xom

Annotations:
D:2 Terence


Innate Abilities, Weirdness & Mutations

You cannot wear most types of armour.
You are amphibious.
You can wear up to eight rings at the same time.
Your skin changes colour to match your surroundings (Stealth+).
Your rubbery body absorbs attacks. (AC +1, EV +1)
((You are camouflaged when in or above water. (Stealth+)))
You have tentacles for arms and can constrict up to eight enemies at once.


Message History

A hobgoblin comes into view.
There is a stone staircase leading up here.
You start resting.
A hobgoblin is nearby!
You hit the hobgoblin. Your grab misses the hobgoblin.
The hobgoblin is moderately wounded.
The hobgoblin hits you.
You take 3 damage, and have 29/36 hp.
You barely miss the hobgoblin. Your grab misses the hobgoblin.
Your squeeze misses the hobgoblin.
The hobgoblin is moderately wounded.
The hobgoblin hits you. The hobgoblin misses you.
You take 2 damage, and have 27/36 hp.
You sock the hobgoblin!
You kill the hobgoblin!
You see here a hobgoblin corpse.
You start resting.
Magic restored.
You regained 4 hp, and now have 31/36 hp.
MP restored: 8 You start resting.
A hobgoblin is nearby!
You regained 2 hp, and now have 33/36 hp.
There is a stone staircase leading up, spattered with blood here.
You see here a hobgoblin corpse.
A hobgoblin is nearby!
No target in view!
No target in view!
No target in view!
The hobgoblin shouts!
A gnoll comes into view. It is wielding a +0 whip.
Casting: Scorch (safe; 2% risk of failure)
Confirm with . or Enter, or press ? or * to list all spells.
Flames lash the hobgoblin.
You kill the hobgoblin!
The gnoll shouts!
You now have 6/8 mp.
Casting: Scorch (safe; 2% risk of failure)
Confirm with . or Enter, or press ? or * to list all spells.
Flames lash the gnoll.
The gnoll is moderately wounded.
The gnoll's fire resistance burns away.
The gnoll hits you with a +0 whip.
You take 2 damage, and have 33/36 hp.
You now have 4/8 mp.
Casting: Scorch (safe; 2% risk of failure)
Confirm with . or Enter, or press ? or * to list all spells.
Flames lash the gnoll.
The gnoll is moderately wounded.
The gnoll misses you. The gnoll hits you with a +0 whip.
You take 5 damage, and have 28/36 hp.
You now have 2/8 mp.
You sock the gnoll!
You kill the gnoll!
Magic restored.
Key pressed, stopping explore.
HP restored.
m - a scroll labelled ADUADGHIEWE
Things that are here:
a +0 whip; a gnoll corpse Health restored: 36; MP restored: 9
R - a scroll of identify
Things that are here:
a +0 club; a gnoll corpse A kobold comes into view.
It is wielding a +0 dagger.
As you read the scroll of identify, it crumbles to dust.
k - a scroll of immolation The kobold shouts!
The kobold barely misses you.
You closely miss the kobold. You grab the kobold. You constrict the kobold.
The kobold hits you with a +0 dagger.
You take 3 damage, and have 33/36 hp.
You hit the kobold.
You feel better.
You kill the kobold!
A hobgoblin comes into view.
Casting: Scorch (safe; 2% risk of failure)
Confirm with . or Enter, or press ? or * to list all spells.
Flames lash the hobgoblin.
The hobgoblin shouts!
The hobgoblin is severely wounded.
The hobgoblin's fire resistance burns away.
You now have 7/9 mp.
Casting: Scorch (safe; 2% risk of failure)
Confirm with . or Enter, or press ? or * to list all spells.
Flames lash the hobgoblin.
The hobgoblin is burned terribly!
You kill the hobgoblin!
You have reached level 6!
You regained 6 hp, and now have 40/42 hp.
You now have 5/10 mp.
n - a coppery potion
Things that are here:
a +0 dagger; a kobold corpse Health restored: 42; MP restored: 10
Things that are here:
a +0 spear; a gnoll skeleton An orc comes into view.
It is wielding a +0 dagger.
The orc moves out of view.
Casting: Scorch (safe; 2% risk of failure)
Confirm with . or Enter, or press ? or * to list all spells.
Flames lash the orc.
You kill the orc!
You hear a shout!
You now have 8/10 mp.
An orc comes into view. It is wielding a +0 flail.
Casting: Scorch (safe; 2% risk of failure)
Confirm with . or Enter, or press ? or * to list all spells.
You can't see any susceptible monsters within range! (Use Z to cast anyway.)
Casting: Scorch (safe; 2% risk of failure)
Confirm with . or Enter, or press ? or * to list all spells.
Flames lash the orc.
You kill the orc!
You hear a shout!
An orc comes into view. It is wielding a +0 short sword.
An orc priest comes into view. It is wielding a +0 club.
You now have 6/10 mp.
The orc priest mumbles some strange prayers to Beogh against you.
Beogh smites you!
Things that are here:
a +0 dagger; an orc corpse You take 13 damage, and have 29/42 hp.
MASSIVE DAMAGE!!
Casting: Scorch (safe; 2% risk of failure)
Confirm with . or Enter, or press ? or * to list all spells.
Flames lash the orc.
The orc is heavily wounded.
The orc's fire resistance burns away.
You now have 5/10 mp.
You closely miss the orc. You grab the orc. You squeeze the orc.
The orc is almost dead.
You constrict the orc.
You kill the orc!
The orc priest casts a cantrip, but nothing happens.
An orc comes into view. It is wielding a +0 whip.
Things that are here:
a +0 short sword; a +0 leather armour
Casting: Scorch (safe; 2% risk of failure)
Confirm with . or Enter, or press ? or * to list all spells.
Flames lash the orc priest.
The orc priest is moderately wounded.
The orc priest's fire resistance burns away.
The orc priest invokes the aid of Beogh against you.
Pain shoots through your body!
You take 12 damage, and have 17/42 hp.
MASSIVE DAMAGE!!
You now have 3/10 mp.
Casting: Scorch (safe; 2% risk of failure)
Confirm with . or Enter, or press ? or * to list all spells.
Flames lash the orc priest but do no damage.
The orc priest invokes the aid of Beogh against you.
Beogh smites you!
* * * LOW HITPOINT WARNING * * *
The orc priest is no longer more vulnerable to fire.
The orc priest hits you with a +0 club!
You die...

).##)÷.#)..## .....
...#)<.).)..#####...####
...)#.##.#..............
..§§#.##................
§§§.#.####..............
§)≈≈#...###.####........
°☼~≈#.......###.......##
_~.§###.######..)......#
§~.§###.# ##.@)....##
..≈≈.##.# ##oo...##
≈≈≈#.##.# ##...##
...#.##.# .....
##......# #.##...
####.#### .. ... ####.#
... .. .....# ....
######


You could see an orc priest and an orc.

Vanquished Creatures
  2 orc priests (D:3)
  Crazy Yiuf (D:2)
  Robin (D:2)
  4 gnolls (D:3)
  2 worms (D:2)
  A dart slug (D:1)
  6 orcs
  8 bats
  4 endoplasms
  A giant cockroach (D:2)
  11 goblins
  10 hobgoblins
  2 jackals (D:1)
  6 kobolds
  2 quokkas
  7 ball pythons
  3 frilled lizards
  10 rats
81 creatures vanquished.

Vanquished Creatures (others)
  A ball python (D:3)
  A hobgoblin (D:3)
  A kobold (D:3)
  4 fungi (D:2)
  5 plants (D:1)
12 creatures vanquished.

Grand Total: 93 creatures vanquished

Notes
Turn   | Place    | Note
-------+----------+-------------------------------------------
     0 | D:1      | mdonais the Octopode Cinder Acolyte began the quest for the
                  | Orb.
     0 | D:1      | Reached XP level 1. HP: 16/16 MP: 2/2
    15 | D:1      | Reached skill level 1 in Stealth
    59 | D:1      | Got Vimexem's Omnibus of Blight
    67 | D:1      | Reached XP level 2. HP: 20/21 MP: 3/3
   134 | D:1      | Learned a level 2 spell: Scorch
   302 | D:1      | Found a faded altar of an unknown god.
   676 | D:1      | Reached XP level 3. HP: 21/26 MP: 4/4
  1050 | D:2      | Noticed Terence
  1310 | D:2      | Found a blossoming altar of Fedhas.
  1483 | D:2      | Noticed Robin
  1489 | D:2      | Killed Robin
  1490 | D:2      | Reached XP level 4. HP: 23/31 MP: 1/7
  1723 | D:2      | Found a runed translucent door.
  1724 | D:2      | Noticed Crazy Yiuf
  1749 | D:2      | Learned a level 3 spell: Mephitic Cloud
  1896 | D:2      | Killed Crazy Yiuf
  1897 | D:2      | Reached skill level 4 in Fire Magic
  2324 | D:3      | Found a shimmering altar of Xom.
  2334 | D:3      | Reached XP level 5. HP: 27/36 MP: 1/8
  2361 | D:3      | Reached skill level 5 in Fire Magic
  2786 | D:3      | Reached XP level 6. HP: 40/42 MP: 5/10
  2852 | D:3      | Slain by an orc priest

Illustrated notes

Levels and vault maps discovered:
D:1:      moated_graveyard_arrival, layout_rooms,
          hellmonk_ecumenical_altar_run_dry, serial_forest,
          infiniplex_forest_end_2, infiniplex_forest_join,
          infiniplex_forest_lined_corner, infiniplex_forest_lined_4_way,
          infiniplex_forest_clump_double, infiniplex_forest_lined_corner,
          infiniplex_forest_clump_cross
D:2:      minmay_chambers_of_ones, layout_basic, basic_altar, uniq_terence,
          uniq_crazy_yiuf_cottage, uniq_robin
D:3:      layout_loops_cross, xom_confusion_cloud, serial_park_tiny_pond

Skill      XL: |  1  2  3  4  5 |
---------------+----------------+-----
Stealth        | 2 3 |  3.3
Spellcasting   | 2 |  2.8
Fire Magic     | 4 5 |  5.0
Fighting       | |  3.0
Long Blades    | |  3.0
Air Magic      | |  0.3
Poison Magic   | |  0.5

Action                   |  1- 3 |  4- 6 || total
-------------------------+-------+-------++-------
Melee: Falchion          |    36 |       ||    36
       Constrict         |    19 |    10 ||    29
       Tentacles         |    11 |     9 ||    20
       Dagger            |    27 |    12 ||    39
       Quarterstaff      |       |    26 ||    26
       Unarmed           |       |     4 ||     4
 Cast: Scorch            |    16 |    27 ||    43
  Use: Scroll            |       |     4 ||     4
 Stab: Sleeping          |    12 |       ||    12
Armor: Skin              |       |     3 ||     3
Dodge: Dodged            |    33 |    40 ||    73
